 Dungeon Crawl Stone Soup version 0.22.0-18-ge075c0d (webtiles) character file.

86 Amnesiac the Magician (level 4, -1/30 HPs)
             Began as a Mummy Air Elementalist on Aug 18, 2018.
             Slain by a hound skeleton (3 damage)
             ... on level 5 of the Dungeon.
             The game lasted 00:04:15 (1285 turns).

Amnesiac the Magician (Mummy Air Elementalist)      Turns: 1285, Time: 00:04:16

Health: -1/30      AC:  3    Str: 14    XL:     4   Next: 26%
Magic:  2/9        EV: 12    Int: 15    God:
Gold:   131        SH:  0    Dex: 12    Spells: 3/10 levels left

rFire    x . .     SeeInvis .   b - +1 hunting sling
rCold    + . .     Gourm    .   (no shield)
rNeg     + + +     Faith    .   a - +0 robe
rPois    ∞         Spirit   .   (no helmet)
rElec    .         Reflect  .   (no cloak)
rCorr    .         Harm     .   g - +0 pair of gloves
MR       .....                  (no boots)
Stlth    ++........             (no amulet)
HPRegen  0.10/turn              k - +3 ring of strength
MPRegen  0.11/turn              (no ring)

@: no status effects
A: no food or potions, fire vulnerability, cold resistance 1, negative energy
resistance 3, torment resistance, unbreathing
a: no special abilities


You were on level 5 of the Dungeon.
You were not hungry.

You visited 1 branch of the dungeon, and saw 5 of its levels.

You collected 131 gold pieces.

Inventory:

Hand Weapons
 b - a +1 hunting sling (weapon)
Missiles
 d - 46 stones (quivered)
Armour
 a - a +0 robe (worn)
 g - a +0 pair of gloves (worn)
Jewellery
 k - a +3 ring of strength (left hand)
Scrolls
 e - a scroll of identify {!r}
 j - a scroll of immolation {!r}


   Skills:
 - Level 1.5 Dodging
 - Level 1.5 Stealth
 + Level 3.8 Spellcasting
 - Level 0.7 Conjurations
 * Level 3.8 Air Magic


You had 3 spell levels left.
You knew the following spells:

 Your Spells              Type           Power        Failure   Level  Hunger
a - Shock                 Conj/Air       #...         8%          1    N/A
d - Airstrike             Air            ##........   36%         4    N/A
z - Swiftness             Chrm/Air       #.......     13%         2    N/A

Your spell library contained the following spells:

 Spells                   Type           Power        Failure   Level  Hunger
 Static Discharge         Conj/Air       #.......     22%         3    N/A
 Lightning Bolt           Conj/Air       #.........   90%         5    N/A

Dungeon Overview and Level Annotations

Branches:
Dungeon (5/15)
 Temple: D:4-7

Altars:

Annotations:
D:4 exclusion: killer bee


Innate Abilities, Weirdness & Mutations

You do not eat or drink.
Your flesh is vulnerable to fire.
You are immune to poison.
Your flesh is cold resistant. (rC+)
You are immune to negative energy. (rN+++)
You are immune to unholy pain and torment.
You can survive without breathing.


Message History

The orc misses you.
Put on which piece of jewellery? (? for menu, Esc to quit)
You feel stronger.
k - a +3 ring of strength (left hand)
The orc misses you.
Really read
i - a scroll labeled MOETAA OCHEM {!r}?
As you read the scroll labeled MOETAA OCHEM {!r}, it crumbles to dust.
It is a scroll of enchant weapon.
Your +0 hunting sling glows red for a moment.
The orc hits you.
* * * LOW HITPOINT WARNING * * *
Really read
h - a scroll labeled AXAQITTUSSU {!r}?
As you read the scroll labeled AXAQITTUSSU {!r}, it crumbles to dust.
You hear roaring flames.
It was a scroll of random uselessness {!r}.
The orc hits you.
* * * LOW HITPOINT WARNING * * *
Really read
f - a scroll labeled DUDAESCH YXASCH {!r}?
As you read the scroll labeled DUDAESCH YXASCH {!r}, it crumbles to dust.
You feel blessed for a moment.
It was a scroll of remove curse {!r}.
The orc closely misses you.
Really read
c - a scroll labeled HOCURU ISUDEW {!r}?
As you read the scroll labeled HOCURU ISUDEW {!r}, it crumbles to dust.
You feel strangely unstable.
It was a scroll of teleportation {!r}.
The orc hits you.
* * * LOW HITPOINT WARNING * * *
Your surroundings suddenly seem different.
A hound skeleton comes into view.
Okay, then.
You aren't carrying any items that you can evoke.
Firing (i - inventory)
d - 47 stones (quivered)
Press: ? - help, Shift-Dir - straight line, f - hound skeleton
Aim: a hound skeleton You shoot a stone.
The stone hits the hound skeleton.
The hound skeleton is moderately damaged.
The hound skeleton misses you.
Quiver which item? (- for none, * to show all) (? for menu, Esc to quit)
Okay, then.
The hound skeleton barely misses you.
Found an escape hatch in the ceiling.
The hound skeleton bites you.
* * * LOW HITPOINT WARNING * * *
Found a chain mail.
You see here a stone.
Casting: Shock (safe; 8% risk of failure)
Confirm with . or Enter, or press ? or * to list all spells.
Aiming: Shock (safe; 8% risk of failure)
Press: ? - help, Shift-Dir - straight line, f/p - hound skeleton
Aim: a hound skeleton (moderately damaged)
The zap misses the hound skeleton.
The zap hits the hound skeleton.
The hound skeleton is heavily damaged.
The hound skeleton barely misses you. The hound skeleton misses you.
Unknown command.
Casting: Shock (safe; 8% risk of failure)
Confirm with . or Enter, or press ? or * to list all spells.
Aiming: Shock (safe; 8% risk of failure)
Press: ? - help, Shift-Dir - straight line, f/p - hound skeleton
Aim: a hound skeleton (heavily damaged)
The zap hits the hound skeleton.
The hound skeleton is severely damaged.
The zap hits the hound skeleton.
The hound skeleton is severely damaged.
The hound skeleton bites you.
You die...

##....#.# >#....#.. .
##....+.. [. ##....##+
... #... . ....########
.. ...........# ..o.
...........# ....
.......@Z..# ........
...........# ........
...........# ........
...........# ........
.....#....... . ......
.............. ... ....
.....................#..
.......................<
###...<.......#####...


You could see a hound skeleton.

Vanquished Creatures
  A worker ant (D:5)
  An adder (D:4)
  A dart slug (D:3)
  2 leopard geckos
  10 orcs
  3 giant cockroaches
  2 hobgoblins (D:1)
  4 jackals (D:4)
  A quokka (D:4)
  3 bats
  2 frilled lizards
  2 kobolds (D:1)
  4 rats
36 creatures vanquished.

Notes
Turn   | Place    | Note
-------+----------+-------------------------------------------
     0 | D:1      | Amnesiac the Mummy Air Elementalist began the quest for the Orb.
     0 | D:1      | Reached XP level 1. HP: 13/13 MP: 4/4
   238 | D:1      | Reached XP level 2. HP: 19/19 MP: 1/5
   244 | D:1      | Learned a level 2 spell: Swiftness
   732 | D:5      | Entered Level 5 of the Dungeon
   757 | D:4      | Reached XP level 3. HP: 24/24 MP: 4/7
  1046 | D:4      | Noticed a killer bee
  1216 | D:4      | Noticed an ogre
  1239 | D:5      | Reached XP level 4. HP: 23/30 MP: 5/9
  1245 | D:5      | Learned a level 4 spell: Airstrike
  1285 | D:5      | Slain by a hound skeleton

Skill      XL: |  1  2 |
---------------+-------+-----
Air Magic      | 3 |  3.8
Spellcasting   | 3 |  3.8
Dodging        | |  1.5
Stealth        | |  1.5
Conjurations   | |  0.7

Action                   |  1- 3 |  4- 6 || total
-------------------------+-------+-------++-------
 Fire: Hunting sling     |    34 |     1 ||    35
 Cast: Shock             |    51 |     9 ||    60
  Use: Scroll            |       |     5 ||     5
Armor: Robe              |     6 |       ||     6
Dodge: Dodged            |    46 |     7 ||    53
